 Dungeon Crawl Stone Soup version 0.25-a0-317-g5f8687bca5 (webtiles) character file.

Game seed: 5020081325613477826, levelgen mode: deterministic

14126 DerDa the Thaumaturge (level 12, -1/77 HPs)
             Began as an Octopode Fire Elementalist on Dec 27, 2019.
             Was a Priest of Sif Muna.
             Slain by a fire bat (6 damage)
             ... in a volcano.
             The game lasted 01:03:11 (15384 turns).

DerDa the Thaumaturge (Octopode Fire Elementalist) Turns: 15384, Time: 01:03:12

Health: -1/77      AC:  1    Str: 10    XL:     12   Next: 13%
Magic:  35/35      EV: 13    Int: 22    God:    Sif Muna [***...]
Gold:   640        SH:  0    Dex: 13    Spells: 12/32 levels left

rFire    . . .     SeeInvis +   N - +2 long sword of Peril {freeze, +Blink Str+6}
rCold    . . .     Gourm    .   (no shield)
rNeg     . . .     Faith    .   (helmet restricted)
rPois    +         Spirit   .   (no amulet)
rElec    .         Reflect  .   z - ring of protection from magic
rCorr    .         Harm     .   E - ring "Tebacs" {rPois MP+9 Str-3 SInv}
MR       +....                  (no ring)
Stlth    ++++......             (no ring)
HPRegen  0.22/turn              (no ring)
MPRegen  0.24/turn              (no ring)
                                (no ring)
                                (no ring)

@: marked
A: almost no armour, stealthy swim, amphibious, 8 rings, constrict 8, camouflage
1, gelatinous body 1
a: Channel Magic, Forget Spell, Renounce Religion, Evoke Blink


You were in a volcano.
You worshipped Sif Muna.
Sif Muna was most pleased with you.
You were not hungry.

You visited 4 branches of the dungeon, and saw 13 of its levels.
You also visited: Sewer and Volcano.

You collected 640 gold pieces.

Inventory:

Hand Weapons
 N - the +2 long sword of Peril (weapon) {freeze, +Blink Str+6}
   (You took it off an orc wizard on level 9 of the Dungeon)

   It has been specially enchanted to freeze those struck by it, causing extra
   injury to most foes and up to half again as much damage against particularly
   susceptible opponents.
   It can also slow down cold-blooded creatures.
   It affects your strength (+6).
   It lets you blink.
Missiles
 a - 84 bolts
 n - 249 stones
 q - 3 poisoned darts
 v - 15 sling bullets
 C - 2 atropa-tipped darts
 I - 8 datura-tipped darts (quivered)
Jewellery
 z - a ring of protection from magic (left tentacle)
 E - the ring "Tebacs" (right tentacle) {rPois MP+9 Str-3 SInv}
   (You took it off an orc on level 10 of the Dungeon)

   [ring of see invisible]

   It affects your strength (-3).
   It protects you from poison.
   It affects your magic capacity (+9).
   It lets you see invisible.
Wands
 A - a wand of random effects (21)
 B - a wand of scattershot (2)
 F - a wand of flame (17)
 H - a wand of paralysis (9)
 J - a wand of polymorph (13)
Scrolls
 d - 3 scrolls of fear
 e - 7 scrolls of teleportation
 f - 10 scrolls of remove curse
 h - a scroll of enchant weapon
 l - a scroll of immolation
 o - a scroll of magic mapping
 s - 2 scrolls of blinking
 x - 2 scrolls of enchant armour
 y - 2 scrolls of fog {unknown}
 G - a scroll of brand weapon {unknown}
 K - a scroll of holy word {unknown}
 L - 5 scrolls of amnesia {unknown}
 M - a scroll of vulnerability {unknown}
Potions
 c - 4 potions of heal wounds {unknown}
 g - 5 potions of curing
 i - 9 potions of flight
 j - a potion of cancellation {unknown}
 k - 3 potions of might {unknown}
 m - 5 potions of degeneration {unknown}
 p - 3 potions of lignification {unknown}
 r - 2 potions of brilliance {unknown}
 t - 2 potions of berserk rage {unknown}
 u - 2 potions of resistance {unknown}
 w - 2 potions of agility {unknown}
Miscellaneous
 O - a phial of floods
Comestibles
 b - 17 rations
 P - a chunk of flesh


   Skills:
 - Level 5.5 Fighting
 - Level 2.0 Dodging
 - Level 2.6 Stealth
 * Level 10.8 Spellcasting
 + Level 8.2 Conjurations
 + Level 8.9 Fire Magic
 + Level 5.6 Ice Magic
 + Level 6.4 Invocations
 + Level 1.6 Evocations


You had 12 spell levels left.
You knew the following spells:

 Your Spells              Type           Power        Failure   Level  Hunger
a - Foxfire               Conj/Fire      ####         1%          1    None
b - Conjure Flame         Conj/Fire      #####...     1%          3    None
c - Sticky Flame          Conj/Fire      #####...     1%          4    #......
d - Fireball              Conj/Fire      #####.....   4%          5    ####...
e - Hailstorm             Conj/Ice       #####...     3%          4    #......
f - Ozocubu's Armour      Chrm/Ice       ###.....     5%          3    None

Your spell library contained the following spells:

 Spells                   Type           Power        Failure   Level  Hunger
 Freeze                   Ice            ####         1%          1    None
 Inner Flame              Hex/Fire       ####....     2%          3    None
 Animate Skeleton         Necr           N/A          5%          1    None
 Infusion                 Chrm           ##..         5%          1    None
 Pain                     Necr           ##..         5%          1    None
 Shroud of Golubria       Chrm/Tloc      ##....       9%          2    None
 Song of Slaying          Chrm           ##......     9%          2    None
 Regeneration             Chrm/Necr      ##........   17%         3    None
 Spectral Weapon          Hex/Chrm       ##......     17%         3    None
 Vampiric Draining        Necr           ##........   17%         3    None
 Summon Ice Beast         Ice/Summ       ###.....     17%         4    #......
 Animate Dead             Necr           N/A          50%         4    #......


Dungeon Overview and Level Annotations

Branches:
Dungeon (10/15)            Temple (1/1) D:6            Lair (1/6) D:10
    Orc (1/2) D:9           Sewer (visited)         Volcano (1/1)

Altars:
Ashenzari
Cheibriados
Dithmenos
Elyvilon
Fedhas
Gozag
Hepliaklqana
Kikubaaqudgha
Makhleb
Nemelex Xobeh
Okawaru
Qazlal
Ru
Sif Muna
Trog
Uskayaw
Vehumet
Wu Jian
Xom
Yredelemnul
Zin
The Shining One

Annotations:
D:7 2 transporters, topfpfpflanze's ghost, novice OpFi
D:8 1 runed translucent door, nht's ghost, novice TrEE


Innate Abilities, Weirdness & Mutations

You cannot wear most types of armour.
You are very stealthy in the water. (Stealth+)
You are amphibious.
You can wear up to eight rings at the same time.
You can use your tentacles to constrict eight enemies at once.
Your skin changes colour to match your surroundings (Stealth+).
Your rubbery body absorbs attacks. (AC +1, EV +1)


Message History

You hit the fire bat. You freeze the fire bat. You grab the fire bat.
The fire bat is lightly wounded.
You constrict the fire bat.
The foxfire hits the fire bat.
The fire bat completely resists.
The fire bat is moderately wounded.
The fire bat bites you.
You are engulfed in flames!
The fire bat closely misses you. The fire bat barely misses you.
The fire bat bites you.
You are engulfed in flames!
The fire bat bites you.
You are engulfed in flames.
You slash the fire bat! You freeze the fire bat.
The fire bat is severely wounded.
You constrict the fire bat. The fire bat bites you.
You are engulfed in flames!
The fire bat bites you.
You are engulfed in flames.
The fire bat bites you.
* * * LOW HITPOINT WARNING * * *
You are engulfed in flames!
* * * LOW HITPOINT WARNING * * *
The fire bat bites you.
* * * LOW HITPOINT WARNING * * *
You are engulfed in flames.
You die...

≈≈..####..b≈≈≈≈≈≈≈≈
.≈..........≈≈≈≈≈≈≈
≈≈........≈≈≈≈≈≈≈≈≈
≈≈######.#≈≈≈≈≈≈≈≈≈
##..'##≈((≈≈≈≈≈≈
#.####≈≈≈≈≈≈≈≈≈≈
##∩∩#≈≈≈≈≈≈≈≈≈≈≈
≈≈§####b≈≈≈≈≈≈≈≈≈≈
#§§≈≈≈@≈≈≈≈≈≈≈≈≈≈
#≈#≈§≈≈§≈≈≈≈≈≈≈≈≈≈
################


You could see a fire bat.

Vanquished Creatures
  Harold (D:8)
  3 two-headed ogres
  A centaur warrior (D:10)
  Sonja (Lair:1)
  Pikel (D:8)
  An ugly thing (D:10)
  A centaur zombie (D:10)
  A gargoyle (D:10)
  2 komodo dragons (Lair:1)
  3 trolls
  A troll (shapeshifter) (D:10)
  2 vampires
  2 wyverns
  A wraith (D:7)
  A spriggan (D:10)
  4 yaks
  A hungry ghost (D:9)
  3 fire bats (Lair:1)
  A warg (D:9)
  2 water moccasins
  A porcupine (Lair:1)
  8 ice beasts
  3 sky beasts
  A phantom (D:7)
  4 orc warriors
  3 slaves (D:8)
  6 ogres
  4 centaurs
  4 bullfrogs
  6 scorpions
  7 killer bees (D:10)
  A water moccasin skeleton (D:10)
  6 wights (D:6)
  6 crimson imps
  A quasit (D:6)
  3 bullfrog skeletons
  6 hounds
  3 jellies
  11 orc priests
  6 orc wizards
  2 centaur skeletons
  An iguana (D:10)
  6 worker ants
  A mummy (D:4)
  A worker ant zombie (D:10)
  A howler monkey skeleton (D:4)
  4 gnolls (D:4)
  10 adders
  2 shadow imps
  6 oozes
  An adder skeleton (D:4)
  4 worms
  3 dart slugs
  7 leopard geckos
  37 orcs
  6 giant cockroaches
  10 goblins
  6 hobgoblins
  13 jackals
  4 quokkas
  4 ball pythons
  12 bats
  6 frilled lizards
  A goblin skeleton (D:4)
  2 goblin zombies (D:4)
  3 hobgoblin zombies (D:4)
  A jackal skeleton (D:7)
  A jackal zombie (D:5)
  7 kobolds
  A kobold skeleton (D:4)
  A leopard gecko skeleton (D:5)
  An orc zombie (D:4)
  3 quokka skeletons
  5 rats
  3 fungi (Lair:1)
  A plant (Lair:1)
300 creatures vanquished.

Vanquished Creatures (others)
  A slave (D:8)
  589 foxfires
  A plant (Lair:1)
591 creatures vanquished.

Grand Total: 891 creatures vanquished

Notes
Turn   | Place    | Note
-------+----------+-------------------------------------------
     0 | D:1      | DerDa the Octopode Fire Elementalist began the quest for
                  | the Orb.
     0 | D:1      | Reached XP level 1. HP: 11/11 MP: 3/3
   101 | D:1      | Reached XP level 2. HP: 15/17 MP: 0/5
   762 | D:1      | Reached XP level 3. HP: 21/21 MP: 7/7
  1111 | D:2      | Reached skill level 3 in Spellcasting
  1715 | D:2      | Reached XP level 4. HP: 27/27 MP: 0/8
  2668 | D:3      | Reached XP level 5. HP: 10/31 MP: 5/10
  2917 | D:3      | You fall into a shaft and drop 2 floors!
  2917 | D:5      | Entered Level 5 of the Dungeon
  2942 | D:5      | Noticed an ice beast
  2948 | D:5      | Killed an ice beast
  2948 | D:5      | Reached skill level 4 in Spellcasting
  3136 | D:4      | Found an iron altar of Okawaru.
  3208 | D:4      | Reached XP level 6. HP: 30/36 MP: 7/12
  3249 | D:4      | Found a glowing drain.
  3265 | Sewer    | Entered a sewer
  3757 | D:4      | Found a glowing golden altar of the Shining One.
  3891 | D:4      | Reached skill level 5 in Spellcasting
  3891 | D:4      | Reached XP level 7. HP: 25/41 MP: 7/14
  4434 | D:4      | Learned a level 3 spell: Conjure Flame
  4439 | D:4      | Learned a level 4 spell: Sticky Flame
  4445 | D:4      | Learned a level 5 spell: Fireball
  4699 | D:3      | Found a burning altar of Makhleb.
  4699 | D:3      | Noticed a blizzard demon
  4933 | D:5      | Reached skill level 5 in Fire Magic
  5089 | D:5      | Found a snail-covered altar of Cheibriados.
  5166 | D:5      | Found a stormy altar of Qazlal.
  5175 | D:5      | Found a glowing silver altar of Zin.
  5175 | D:5      | Found an opulent altar of Gozag.
  5238 | D:5      | Reached skill level 6 in Spellcasting
  5238 | D:5      | Reached XP level 8. HP: 31/46 MP: 9/17
  5672 | D:6      | Found an ornate altar of the Wu Jian Council.
  5907 | D:6      | Found a basalt altar of Yredelemnul.
  6012 | D:6      | Reached skill level 7 in Spellcasting
  6012 | D:6      | Reached skill level 5 in Conjurations
  6292 | D:6      | Found a staircase to the Ecumenical Temple.
  6301 | Temple   | Entered the Ecumenical Temple
  6447 | Temple   | Became a worshipper of Sif Muna the Loreminder
  6567 | D:6      | Reached XP level 9. HP: 47/51 MP: 9/20
  6684 | D:6      | Found a bloodstained altar of Trog.
  6995 | D:6      | Reached skill level 1 in Invocations
  7112 | D:6      | Reached skill level 1 in Fighting
  7478 | D:7      | Found a transporter.
  7479 | D:7      | Noticed a troll
  7479 | D:7      | Noticed a moth of wrath
  7481 | D:7      | Noticed topfpfpflanze's ghost (novice OpFi)
  7486 | D:7      | Found a transporter.
  7493 | D:7      | Identified the +4 trident "Hydra's Foe" {speed, rElec
                  | rPois}
  7494 | D:7      | Found a bloodstained altar of Trog.
  7594 | D:7      | Found a radiant altar of Vehumet.
  7614 | D:7      | Reached * piety under Sif Muna
  7618 | D:7      | Reached skill level 8 in Spellcasting
  8039 | D:7      | Learned a level 4 spell: Hailstorm
  8043 | D:7      | Learned a level 3 spell: Ozocubu's Armour
  8247 | D:7      | Found a hazy altar of Hepliaklqana.
  8420 | D:7      | Found a sparkling altar of Nemelex Xobeh.
  8535 | D:8      | Found a runed translucent door.
  8535 | D:8      | Found a shimmering altar of Xom.
  8535 | D:8      | Noticed nht's ghost (novice TrEE)
  8538 | D:8      | Noticed Harold
  8555 | D:8      | Noticed a +0 whip of chaos
  8736 | D:8      | Noticed Pikel
  8740 | D:8      | Killed Pikel
  8740 | D:8      | Reached skill level 1 in Ice Magic
  9050 | D:8      | Reached XP level 10. HP: 30/61 MP: 10/22
  9314 | D:8      | HP: 3/62 [centaur (4)]
  9713 | D:8      | You fall into a shaft and drop 2 floors!
  9713 | D:10     | Entered Level 10 of the Dungeon
  9714 | D:10     | Noticed a two-headed ogre
  9926 | D:9      | Noticed a two-headed ogre
  9932 | D:9      | Killed a two-headed ogre
  9932 | D:9      | Reached skill level 9 in Spellcasting
  9947 | D:9      | Identified the +2 long sword of Peril {freeze, +Blink
                  | Str+6}
 10018 | D:9      | Found a staircase to the Orcish Mines.
 10216 | D:8      | Reached ** piety under Sif Muna
 10352 | D:8      | Killed Harold
 11289 | D:10     | Reached XP level 11. HP: 70/70 MP: 19/24
 11399 | D:10     | Reached skill level 5 in Invocations
 11400 | D:10     | Killed a two-headed ogre
 11415 | D:10     | Noticed a red ugly thing
 11438 | D:10     | Noticed a two-headed ogre
 11451 | D:10     | Reached skill level 10 in Spellcasting
 11758 | Orc:1    | Entered Level 1 of the Orcish Mines
 11797 | D:10     | Killed a two-headed ogre
 11805 | D:9      | Reached skill level 5 in Fighting
 12383 | D:10     | Found a staircase to the Lair.
 12457 | D:10     | Killed a red ugly thing
 12781 | D:10     | Reached skill level 5 in Ice Magic
 13106 | D:10     | Noticed a centaur warrior
 13429 | D:10     | Reached *** piety under Sif Muna
 13439 | D:10     | Identified the ring "Tebacs" {rPois MP+9 Str-3 SInv}
 13607 | D:10     | Noticed a salamander
 13943 | D:10     | Noticed a lindwurm
 13949 | D:10     | HP: 2/72 [something (shapeshifter)/blast of flame (39)]
 14124 | D:10     | Noticed a lindwurm
 14128 | D:10     | a lindwurm changed into a guardian serpent
 14503 | D:10     | Killed a centaur warrior
 14921 | Lair:1   | Entered Level 1 of the Lair of Beasts
 14921 | Lair:1   | Noticed Sonja
 14925 | Lair:1   | Reached XP level 12. HP: 77/77 MP: 9/26
 14928 | Lair:1   | Killed Sonja
 14928 | Lair:1   | Reached skill level 1 in Evocations
 15217 | Lair:1   | Found a dark tunnel.
 15363 | Volcano  | Entered a volcano
 15384 | Volcano  | Slain by a fire bat

Levels and vault maps discovered:
D:1:      saegor_arrival_miasma, layout_loops_ring, serial_bayou_pond_d,
          minmay_hexomino_p4
D:2:      layout_loops_ring
D:3:      layout_loops_ring, makhleb_altar_promises_db
D:4:      layout_basic, nicolae_tso_besieged_by_evil,
          kennysheep_okawaru_gauntlet, first_ration, gup_ossuary_entry_pyramid,
          gup_sewer_entry_glass
D:5:      layout_basic, grunt_temple_overflow_gold_and_silver,
          grunt_qazlal_clouds, kennysheep_slug_shrine,
          minmay_misc_feat_four_crosses
D:6:      layout_rooms, kennysheep_mini_moat, bloody_trog,
          yredelemnul_altar_generic, minmay_temple_entry_statues_fountains,
          minmay_misc_feat_more_columns
D:7:      layout_basic, lemuel_doored_altar, vehumet_altar_wand_db,
          gammafunk_ghost_wrathful_warriors, nemelex_diamond_rough_becter
D:8:      layout_rooms, ebering_ghost_xom, uniq_harold, uniq_pikel
D:9:      layout_long_grid, david_orc_3
D:10:     layout_rooms, lair_entry_dummy, the_bakery, evilmike_minifort
Temple:   dpeg_chambers_temple
Lair:1:   layout_regular_city, nicolae_volcano_entry_batcave,
          nicolae_quartered_pool_little, cheibrodos_lair_reptile_den, uniq_sonja
Orc:1:    layout_diamond_mine
Volcano:  volcano_village

Skill      XL: |  1  2  3  4  5  6  7  8  9 10 11 12 |
---------------+-------------------------------------+-----
Spellcasting   | 3 4 5 6 7 8 9 10 | 10.8
Conjurations   | 2 3 4 5 6 7 8 |  8.2
Fire Magic     | 4 5 6 7 8 |  8.9
Invocations    | 3 4 6 |  6.4
Fighting       | 2 4 5 |  5.5
Ice Magic      | 2 4 5 |  5.6
Evocations     | 1 |  1.6
Dodging        | |  2.0
Stealth        | |  2.6

Action                   |  1- 3 |  4- 6 |  7- 9 | 10-12 || total
-------------------------+-------+-------+-------+-------++-------
Melee: Unarmed           |    13 |       |       |       ||    13
       Constrict         |    17 |    13 |    26 |    18 ||    74
       Short sword       |    26 |    46 |       |       ||    72
       Club              |     7 |       |       |       ||     7
       Tentacles         |     7 |     6 |    13 |    18 ||    44
       Spear             |       |    10 |    84 |       ||    94
       Whip              |       |       |     8 |    28 ||    36
       Long sword        |       |       |       |    31 ||    31
Throw: Dart              |       |     1 |     6 |     8 ||    15
       Stone             |       |       |       |     1 ||     1
 Cast: Foxfire           |    34 |    84 |   120 |   116 ||   354
       Sticky Flame      |       |       |    26 |    27 ||    53
       Fireball          |       |       |    10 |    44 ||    54
       Hailstorm         |       |       |       |    18 ||    18
       Ozocubu's Armour  |       |       |       |     2 ||     2
       Conjure Flame     |       |       |       |     1 ||     1
Evoke: Wand              |       |       |     3 |     1 ||     4
  Use: Scroll            |     2 |     6 |     2 |     5 ||    15
       Potion            |       |       |     2 |     1 ||     3
 Stab: Sleeping          |     4 |     3 |     3 |       ||    10
  Eat: Chunk             |     2 |     7 |    12 |    13 ||    34
       Ration            |       |       |     3 |     5 ||     8
Armor: Skin              |    10 |     7 |     5 |     6 ||    28
Dodge: Dodged            |    53 |    55 |   113 |    92 ||   313
       Rpst.: Long sword |       |       |       |    16 ||    16

Table legend:
 A = Non-vault XP
 B = Vault XP
 C = Vault XP percentage of total XP
 D = Non-vault monster count
 E = Vault monster count
 F = Vault count percentage of total count
                 A         B        C        D         E       F
            +---------+---------+-------+---------+---------+-------
      Total |   13700 |    6480 |  32.1 |     227 |      66 |  22.5
            +---------+---------+-------+---------+---------+-------
        D:1 |      35 |       3 |   7.9 |      20 |       2 |   9.1
        D:2 |      50 |       0 |   0.0 |      16 |       0 |   0.0
        D:3 |      82 |       0 |   0.0 |      19 |       0 |   0.0
        D:4 |     420 |      80 |  16.0 |      18 |      13 |  41.9
        D:5 |     482 |       4 |   0.8 |      12 |       1 |   7.7
        D:6 |    1624 |       0 |   0.0 |      35 |       0 |   0.0
        D:7 |     728 |       1 |   0.1 |      16 |       1 |   5.9
        D:8 |    1430 |    1630 |  53.3 |      31 |       2 |   6.1
        D:9 |    3199 |     130 |   3.9 |      29 |       6 |  17.1
       D:10 |    5101 |    2420 |  32.2 |      24 |      12 |  33.3
     Lair:1 |     372 |    2130 |  85.1 |       3 |       6 |  66.7
      Orc:1 |     177 |       0 |   0.0 |       4 |       0 |   0.0
      Sewer |       0 |      82 | 100.0 |       0 |      23 | 100.0
            +---------+---------+-------+---------+---------+-------
